 Dungeon Crawl Stone Soup version 0.29.0-11-gd7f09526c8 (webtiles) character file.

Game seed: 3429711043562365327

539 Zeldest the Ruffian (level 7, -12/55 HPs)
             Began as a Meteoran Warper on Sept 3, 2022.
             Mangled by an ogre
             ... wielding a +0 giant club
              (26 damage)
             ... on level 5 of the Dungeon.
             The game lasted 00:10:19 (1862 turns).

Zeldest the Ruffian (Meteoran Warper)               Turns: 1862, Time: 00:10:19

Health: -12/55     AC:  7    Str: 16    XL:     7   Next: 81%
Magic:  12/12      EV: 10    Int: 14    God:
Gold:   151        SH:  0    Dex: 13    Spells: 11/11 levels left

rFire   + . .      SeeInvis .     - Unarmed
rCold   + . .      Faith    .   (no shield)
rNeg    . . .      Spirit   .   d - +0 scale mail
rPois   .          Reflect  .   (no helmet)
rElec   .          Harm     .   h - scarf {rC+ rF+}
rCorr   .          Rampage  .   n - +0 pair of gloves
Will    .....                   (no boots)
Stlth   ..........              (no amulet)
HPRegen 0.18/turn               (no ring)
MPRegen 0.13/turn               (no ring)

@: glowing
A: sense surroundings 1, otherworldly, glowing, explore regen
a: no special abilities


You were on level 5 of the Dungeon.
You visited 1 branch of the dungeon, and saw 5 of its levels.

You collected 152 gold pieces.
You spent 1 gold pieces at shops.

Inventory:

Hand Weapons
 p - a -3 lajatang
Missiles
 c - 7 boomerangs of dispersal (quivered)
Armour
 d - a +0 scale mail (worn)
 h - a scarf of resistance (worn)
 n - a +0 pair of gloves (worn)
Scrolls
 a - 2 scrolls of identify
Potions
 j - 2 potions of attraction


   Skills:
 - Level 2.1 Fighting
 + Level 5.2 Staves
 - Level 1.2 Throwing
 - Level 1.2 Armour
 - Level 2.4 Dodging
 - Level 6.0 Unarmed Combat
 - Level 2.6 Spellcasting
 - Level 5.7 Translocations


You had 11 spell levels left.
You didn't know any spells.
Your spell library contained the following spells:

 Spells                   Type           Power      Damage    Failure   Level
 Blink                    Tloc           34%        N/A       12%         2
 Gell's Gravitas          Tloc           17%        N/A       24%         3
 Lesser Beckoning         Tloc           17%        N/A       24%         3
 Teleport Other           Tloc           17%        N/A       24%         3
 Manifold Assault         Tloc           17%        N/A       91%         5


Dungeon Overview and Level Annotations

Branches:
Dungeon (5/15) Zot: 1169
 Temple: D:4-7

Altars:
Hepliaklqana
Trog
Uskayaw

Shops:
D:4 (=*:*


Innate Abilities, Weirdness & Mutations

You passively map a small area around you.
You are easily found by Zot.
You glow in the dark.
You regain HP and MP as you explore.


Message History

The orc is severely wounded.
The orc closely misses you.
You punch the orc!
You kill the orc!
Items here: ))) [[ ††.
You see here a +0 dagger.
You open the door.
There is an open door here.
You open the door.
There is an open door here.
Found a stone staircase leading down.
Found 2 poisoned darts.
You open the door.
There is an open door here.
You see here 2 poisoned darts.
You see here 2 poisoned darts.
You open the door.
An ogre comes into view. It is wielding a +0 giant club.
The ogre shouts!
There is an open door here.
There is an open door here.
You barely miss the ogre. You hit the ogre but do no damage.
You punch the ogre.
The ogre is moderately wounded.
The ogre hits you but does no damage.
You barely miss the ogre.
The ogre is moderately wounded.
The ogre hits you with a +0 giant club!!
You punch the ogre!
The ogre is heavily wounded.
You punch the ogre!
The ogre is severely wounded.
The ogre hits you with a +0 giant club!!
* * * LOW HITPOINT WARNING * * *
You hit the ogre.
The ogre is severely wounded.
You hit the ogre.
The ogre is almost dead.
The ogre hits you with a +0 giant club!!
You die...

#..........<##..
###...........##..
#......###'##.....
#.###(####.##.....
#.#......#.##.o...
#.#.#.##.#.##.....
#.#.#.. #.##.....
#.#,######.##.....
#@#...............
#O########........
#.# #........
###'########.....###
#..........#.....#
#................#
#................#
#...........#...####
#...........* #....#


You could see an ogre.

Vanquished Creatures
  2 ogres
  A necrophage (D:4)
  A scorpion (D:4)
  A hound (D:4)
  2 iguanas (D:5)
  An orc wizard (D:5)
  4 adders
  A white imp (D:4)
  2 ufetubi
  3 dart slugs
  6 orcs
  8 bats
  11 endoplasms
  9 giant cockroaches
  5 goblins
  4 hobgoblins
  6 jackals
  3 quokkas
  2 ball pythons (D:4)
  4 frilled lizards
  6 kobolds
  10 rats
92 creatures vanquished.

Notes
Turn   | Place    | Note
-------+----------+-------------------------------------------
     0 | D:1      | Zeldest the Meteoran Warper began the quest for the Orb.
     0 | D:1      | Reached XP level 1. HP: 17/17 MP: 5/5
     1 | D:1      | Found a runed translucent door.
    80 | D:1      | Reached XP level 2. HP: 21/24 MP: 6/6
   147 | D:1      | Reached skill level 3 in Unarmed Combat
   363 | D:1      | Reached XP level 3. HP: 21/29 MP: 8/8
   496 | D:2      | Reached XP level 4. HP: 33/36 MP: 9/9
   611 | D:3      | Found a faded altar of an unknown god.
   666 | D:3      | Noticed an ogre
   675 | D:3      | Killed an ogre
   676 | D:3      | Reached skill level 4 in Unarmed Combat
   676 | D:3      | Reached skill level 5 in Translocations
   676 | D:3      | Reached XP level 5. HP: 41/41 MP: 10/10
   735 | D:2      | Reached XP level 6. HP: 45/48 MP: 11/11
   888 | D:3      | Reached skill level 5 in Unarmed Combat
  1017 | D:4      | Found Raiheh's Weapon Emporium.
  1017 | D:4      | Found Konuigegh's Jewellery Emporium.
  1019 | D:4      | Found Gubeceu's Assorted Antiques.
  1019 | D:4      | Found Latelim's Book Emporium.
  1055 | D:4      | Reached skill level 6 in Unarmed Combat
  1058 | D:4      | Found Ziory's Lightly-Used Armoury.
  1062 | D:4      | Found a hazy altar of Hepliaklqana.
  1076 | D:4      | Bought a -3 lajatang for 1 gold piece
  1099 | D:4      | Noticed an ogre
  1104 | D:4      | Reached skill level 1 in Staves
  1114 | D:4      | Killed an ogre
  1115 | D:4      | Reached XP level 7. HP: 10/55 MP: 12/12
  1204 | D:5      | Entered Level 5 of the Dungeon
  1554 | D:5      | Found a hide-covered altar of Uskayaw.
  1589 | D:5      | Found a bloodstained altar of Trog.
  1718 | D:5      | Reached skill level 5 in Staves
  1862 | D:5      | Mangled by an ogre

Illustrated notes

Levels and vault maps discovered:
D:1:      dpeg_arrival_caged_fury, layout_basic
D:2:      layout_basic, basic_altar
D:3:      layout_rooms, basic_ecumenical_altar, kennysheep_big_empty_room
D:4:      layout_layer_cave, lemuel_crystal_altar, minmay_shop_damaged,
          minmay_shop_grid_forest
D:5:      layout_basic, kennysheep_little_box,
          mainiacjoe_overflow_small_starburst

Skill      XL: |  1  2  3  4  5  6  7 |
---------------+----------------------+-----
Translocations | 4 5 |  5.7
Unarmed Combat | 3 4 6 |  6.0
Staves         | 2 5 |  5.2
Fighting       | |  2.1
Throwing       | |  1.2
Armour         | |  1.2
Dodging        | |  2.4
Spellcasting   | |  2.6

Action                   |  1- 3 |  4- 6 |  7- 9 || total
-------------------------+-------+-------+-------++-------
Melee: Unarmed           |   114 |   122 |   113 ||   349
       Punch             |     2 |     4 |     7 ||    13
Evoke: Wand              |       |     2 |       ||     2
  Use: Potion            |       |     4 |     2 ||     6
       Scroll            |       |       |     7 ||     7
Armor: Scale mail        |    62 |    79 |    52 ||   193
Dodge: Dodged            |    48 |    62 |    41 ||   151
